 Dungeon Crawl Stone Soup version 0.17-a0-1046-ga09e34d (webtiles) character file.

4925 namelastname112 the Basher (level 10, -1/90 HPs)
             Began as a Purple Draconian Berserker on May 15, 2015.
             Was the Champion of Trog.
             Killed by divine providence
             ... invoked by an orc priest
              (8 damage)
             ... on level 9 of the Dungeon.
             The game lasted 00:16:40 (7411 turns).

namelastname112 the Basher (DrBe)                   Turns: 7411, Time: 00:16:40

Health: -1/90      AC: 13    Str: 23    XL:     10   Next: 27%
Magic:  9/9        EV: 15    Int:  7    God:    Trog [******]
Gold:   431        SH:  0    Dex: 13    Spells: 0 memorised, 9 levels left

rFire  . . .     SeeInvis .     p - +0 dire flail
rCold  . . .     Clarity  .     (armour unavailable)
rNeg   . . .     SustAb   .     (no shield)
rPois  .         Gourm    .     e - +2 hat
rElec  .         Spirit   .     a - +0 cloak
rCorr  .         Warding  .     (no gloves)
rMut   .         Stasis   .     g - +2 pair of boots
MR     +....                    d - amulet of faith
Stlth  ++........               (no ring)
                                k - ring of stealth

@: flying, somewhat resistant to hostile enchantments, unstealthy
A: breathe power, unfitting armour, big wings, low mp 1, strong 1, cold-blooded,
MP-powered wands, AC +7
a: Breathe Dispelling Energy, Stop Flying, Burn Spellbooks, Berserk, Trog's
Hand, Brothers in Arms, Renounce Religion


You were on level 9 of the Dungeon.
You worshipped Trog.
Trog was exalted by your worship.
You were not hungry.

You visited 1 branch of the dungeon, and saw 9 of its levels.

You collected 449 gold pieces.
You spent 18 gold pieces at shops.

Inventory:

Hand weapons
 p - a +0 dire flail (weapon)
 r - a +2 flail of protection
 u - the +8 trident "Beah" {pierce, rN+ MR+}
   (You took it off an orc on level 4 of the Dungeon)

   It inflicts extra damage upon your enemies.
   It protects you from negative energy.
   It affects your resistance to hostile enchantments.
 K - a +0 blowgun
Missiles
 E - 13 curare-tipped needles
 L - 21 poisoned needles
Armour
 a - a +0 cloak (worn)
 e - a +2 hat (worn)
 g - a +2 pair of boots (worn)
Jewellery
 d - an amulet of faith (around neck)
 j - an uncursed amulet of warding {unknown}
 k - a ring of stealth (left hand)
 y - an uncursed amulet of resist corrosion {unknown}
 I - an uncursed amulet of warding {unknown}
Magical devices
 x - a wand of flame (29)
 H - a wand of random effects (48)
Scrolls
 c - a scroll of enchant armour
 h - 2 scrolls of teleportation
 o - 3 scrolls of recharging
 q - 2 scrolls of amnesia
 t - a scroll of noise
 C - 2 scrolls of identify
Potions
 f - 2 potions of brilliance
 i - 5 potions of curing
 m - a potion of poison
 n - a potion of heal wounds {unknown}
 v - a potion of magic
 w - a potion of lignification
 z - a potion of haste
 A - a potion of agility
 B - a potion of resistance
 D - a potion of might {unknown}
Books
 F - a book of Geomancy

   Spells                             Type                      Level
   a - Sandblast                      Earth                        1
   b - Stoneskin                      Transmutation/Earth          2
   c - Passwall                       Transmutation/Earth          3
   d - Stone Arrow                    Conjuration/Earth            3
   e - Petrify                        Transmutation/Earth          4
   f - Lee's Rapid Deconstruction     Earth                        5
   Trog disapproves of the use of such an item.
Comestibles
 b - 4 bread rations
 l - 7 fruits
 s - 2 meat rations
 G - a slice of pizza
 J - 2 chunks of flesh


   Skills:
 + Level 8.5 Fighting
 * Level 10.5 Maces & Flails
 + Level 4.5 Throwing
 + Level 7.1 Dodging


You had 9 spell levels left.
You didn't know any spells.

Dungeon Overview and Level Annotations

Branches:
Dungeon (9/15)             Temple (0/1) D:7
   Lair: D:8-11         Orc: D:9-12

Altars:
Ashenzari
Elyvilon
Gozag
Kikubaaqudgha
Makhleb
Qazlal
Trog
Vehumet
Xom

Shops:
D:8 *

Annotations:
D:9 exclusion: electric eel


Innate Abilities, Weirdness & Mutations

You can breathe bolts of dispelling energy.
Your rich purple scales are hard (AC +7).
Your body does not fit into most forms of armour.
You are cold-blooded and may be slowed by cold attacks.
Your large and strong wings let you fly indefinitely.
Your magical capacity is low (-10% MP).
Your muscles are strong. (Str +2)
You expend magic power (3 MP) to strengthen your wands.


Message History

* * * LOW HITPOINT WARNING * * *
You hear an angry buzzing noise. x2
Unknown command.
The electric eel shoots out a bolt of lightning at you!
The bolt of electricity misses the electric eel.
The bolt of electricity hits you!
* * * LOW HITPOINT WARNING * * *
Drink which item? (? for menu, Esc to quit)
You feel better.
The electric eel shoots out a bolt of lightning at you!
The bolt of electricity hits the orc.
The orc dies!
The bolt of electricity hits the electric eel.
The electric eel completely resists.
The bolt of electricity hits you!
* * * LOW HITPOINT WARNING * * *
The orc closely misses you.
A killer bee comes into view.
The orc priest invokes the aid of Beogh against you.
Something smites you!
You die...

#.o.o≈≈...;....P≈≈♣♣
#.................
#.♣≈≈y[≈..........##
#####.≈♣♣o≈≈≈P≈≈.≈......
#.....yo;♣P≈P≈≈P≈≈P≈....
#........♣≈≈≈♣♣≈≈♣♣.#...
#.#####o<.♣♣♣♣ #...
#....♣♣♣♣ #...
#@.......# #..#
#........# #..
#.......... ..
#.......... #...#+#####
#...# #...# #...#


You could see 2 killer bees, an electric eel, an orc priest and 2 orcs.

Vanquished Creatures
  A cyclops (D:9)
  3 hippogriffs
  5 yaks (D:9)
  Menkaure (D:7)
  A water moccasin (D:4)
  Edmund (D:4)
  2 black bears (D:7)
  4 orc warriors
  An ice beast (D:9)
  2 phantoms
  An ogre (D:5)
  A sky beast (D:7)
  The ghost of Gorice the Skirmisher, an average GrWn (D:3)
  3 centaurs
  4 giant frogs
  A big kobold (D:8)
  3 scorpions
  5 killer bees (D:9)
  A crimson imp (D:9)
  A giant frog zombie (D:5)
  11 orc wizards
  A quasit (D:6)
  2 jellies
  Crazy Yiuf (D:4)
  3 hounds
  3 orc priests
  A giant frog skeleton (D:8)
  7 worker ants
  3 iguanas
  6 adders
  2 shadow imps
  An adder zombie (D:5)
  An ooze (D:3)
  2 adder skeletons
  4 worms
  4 giant geckos
  26 orcs
  10 bats
  A bat skeleton (D:8)
  4 bat zombies (D:4)
  A giant cockroach (D:4)
  12 goblins
  8 hobgoblins
  12 jackals
  14 kobolds
  5 quokkas
  A giant gecko zombie (D:6)
  3 giant newts
  21 rats
212 creatures vanquished.

Vanquished Creatures (others)
  5 sheep (D:4)
  A shadow imp (D:5)
  2 orcs (D:9)
8 creatures vanquished.

Grand Total: 220 creatures vanquished

Notes
Turn   | Place    | Note
--------------------------------------------------------------
     0 | D:1      | namelastname112 the Draconian Berserker began the quest for the Orb.
     0 | D:1      | Reached XP level 1. HP: 19/19 MP: 1/1
   107 | D:1      | Reached XP level 2. HP: 20/26 MP: 2/2
   423 | D:1      | Acquired Trog's second power
   664 | D:1      | Found a shattered altar of Ashenzari.
   830 | D:2      | Reached XP level 3. HP: 25/31 MP: 3/3
  1095 | D:2      | Reached skill level 4 in Maces & Flails
  1607 | D:3      | Noticed Gorice's ghost (average GrWn)
  1623 | D:3      | Killed Gorice's ghost
  1623 | D:3      | Reached XP level 4. HP: 26/40 MP: 4/4
  1623 | D:3      | Reached XP level 5. HP: 29/46 MP: 5/5
  1786 | D:3      | Found an opulent altar of Gozag.
  2113 | D:4      | Reached skill level 5 in Maces & Flails
  2321 | D:4      | Noticed Edmund
  2335 | D:4      | Killed Edmund
  2335 | D:4      | Reached XP level 6. HP: 53/53 MP: 6/6
  2375 | D:4      | Noticed a water moccasin
  2388 | D:4      | Killed a water moccasin
  2388 | D:4      | Reached skill level 5 in Fighting
  2388 | D:4      | Reached skill level 6 in Maces & Flails
  2446 | D:4      | Got an ichor-stained trident
  2488 | D:4      | Your scales start taking on a rich purple colour.
  2488 | D:4      | Reached XP level 7. HP: 61/61 MP: 7/7
  2642 | D:4      | Noticed Crazy Yiuf
  2646 | D:4      | Killed Crazy Yiuf
  2684 | D:4      | Found a shimmering altar of Xom.
  2809 | D:4      | Found an ancient bone altar of Kikubaaqudgha.
  2886 | D:5      | Entered Level 5 of the Dungeon
  2918 | D:5      | Acquired Trog's third power
  3352 | D:5      | Reached skill level 7 in Maces & Flails
  3468 | D:5      | Reached skill level 5 in Dodging
  3468 | D:5      | Reached XP level 8. HP: 58/70 MP: 8/8
  3475 | D:5      | Found a radiant altar of Vehumet.
  4242 | D:6      | Found a white marble altar of Elyvilon.
  4619 | D:6      | You fall through a shaft for 3 floors!
  4640 | D:9      | Reached skill level 8 in Maces & Flails
  4644 | D:9      | Reached skill level 1 in Throwing
  5284 | D:9      | Reached XP level 9. HP: 71/79 MP: 9/9
  5291 | D:9      | Reached skill level 9 in Maces & Flails
  5504 | D:9      | Noticed a cyclops
  5520 | D:9      | Killed a cyclops
  5712 | D:7      | Gained mutation: Your muscles are strong. (Str +2) [mutagenic meat]
  5713 | D:7      | Gained mutation: Your large and strong wings let you fly indefinitely. [mutagenic meat]
  5714 | D:7      | Gained mutation: You expend magic power (3 MP) to strengthen your wands. [mutagenic meat]
  5715 | D:7      | Gained mutation: Your magical capacity is low (-10% MP). [mutagenic meat]
  5745 | D:7      | Found a staircase to the Ecumenical Temple.
  5807 | D:7      | Noticed Menkaure
  5814 | D:7      | Killed Menkaure
  5869 | D:7      | Received a gift from Trog
  6047 | D:6      | Reached skill level 10 in Maces & Flails
  6282 | D:7      | Received a gift from Trog
  6339 | D:7      | Found a burning altar of Makhleb.
  6436 | D:7      | Found a bloodstained altar of Trog.
  6612 | D:7      | Identified the +8 trident "Beah" {pierce, rN+ MR+} (You took it off an orc on level 4 of the Dungeon)
  6637 | D:8      | Reached XP level 10. HP: 88/88 MP: 9/9
  6691 | D:8      | Found Jehaw's Assorted Antiques.
  6697 | D:8      | Bought a bubbling golden potion for 18 gold pieces
  7033 | D:8      | Found a stormy altar of Qazlal.
  7411 | D:9      | Killed from afar by an orc priest

Vault maps used:
D:1:      zelgadis_glass_arrival_small, st_stairs_1, kennysheep_another_room,
          minmay_misc_feat_cross, evilmike_ruin_ashenzari
D:2:      first_bread
D:3:      nicolae_overflow_crystal_walls
D:4:      lemuel_zombie_altar_kikubaaqudgha, kb_xom_exploding_sheep,
          uniq_edmund, uniq_crazy_yiuf_cottage
D:5:      fiery_altar_vehumet, minmay_misc_feat_x
D:6:      elyvilon_altar_4
D:7:      trog_ov_bears_minmay, kennysheep_little_box,
          minmay_temple_entry_crystal_x, uniq_menkaure
D:8:      lemuel_doored_altar, serial_shops, shop
D:9:      serial_column_ruins, column_ruins_hut_pillars,
          column_ruins_open_small, column_ruins_columns_straight,
          column_ruins_open_tiny, grunt_livestock, serial_bayou_ford_a,
          minivault_14

Action                   |  1- 3 |  4- 6 |  7- 9 | 10-12 || total
-------------------------+-------+-------+-------+-------++-------
Melee: Mace              |   144 |    36 |       |       ||   180
       Flail             |       |    22 |   362 |    55 ||   439
       Dire flail        |       |       |       |    60 ||    60
Invok: Berserk           |     1 |     3 |     5 |     1 ||    10
       Trog's Hand       |       |       |     1 |       ||     1
 Abil: Fly               |       |       |     1 |       ||     1
  Use: Potion            |       |       |     1 |     1 ||     2
       Scroll            |       |       |    16 |       ||    16
 Stab: Sleeping          |     4 |     2 |    11 |     4 ||    21
  Eat: Chunk             |     2 |     2 |    15 |     4 ||    23
       Meat ration       |       |     1 |     1 |       ||     2
       Fruit             |       |       |     1 |       ||     1
       Pizza             |       |       |     1 |       ||     1
